 Dungeon Crawl Stone Soup version 0.31-a0-198-g2ad674f65e (webtiles) character file.

Game seed: 15598706556162105239

36 qw the Shooter (level 3, 0/20 HPs)
             Began as a Deep Elf Hunter on June 25, 2023.
             Slain by a cerulean imp
             ... wielding a +1 spear
             ... summoned by Natasha
              (2 damage)
             ... on level 2 of the Dungeon.
             The game lasted 00:00:25 (1013 turns).

qw the Shooter (Deep Elf Hunter)                    Turns: 1013, Time: 00:00:25

Health: 0/20       AC:  3    Str: 10    XL:     3   Next: 19%
Magic:  0/5        EV: 12    Int: 13    God:
Gold:   88         SH:  0    Dex: 18    Spells: 2/2 levels left

rFire   . . .        Y - +0 shortbow
rCold   . . .        (shield currently unavailable)
rNeg    . . .        c - +0 leather armour
rPois   .            (no helmet)
rElec   .            (no cloak)
rCorr   .            (no gloves)
SInv    .            (no boots)
Will    .....        i - amulet of guardian spirit
Stlth   ++           (no ring)
HPRegen 0.23/turn    (no ring)
MPRegen 0.09/turn

%: clarity, guardian spirit
@: no status effects
A: clarity
a: no special abilities


You were on level 2 of the Dungeon.
You visited 1 branch of the dungeon, and saw 2 of its levels.

You collected 88 gold pieces.


Innate Abilities, Weirdness & Mutations

You possess an exceptional clarity of mind.


   Skills:
 - Level 1.5 Fighting
 + Level 6.8 Ranged Weapons
 - Level 2.4 Dodging
 - Level 1.2 Stealth


You had 2 spell levels left.
You didn't know any spells.
Your spell library was empty.

Inventory:

Hand Weapons
 Y - a +0 shortbow (weapon)
Armour
 c - a +0 leather armour (worn)
Jewellery
 a - an amulet of the acrobat
 i - an amulet of guardian spirit (around neck)
Potions
 g - a potion of curing {unknown}
 h - a potion of mutation
 j - a potion of invisibility {unknown}
 l - a potion of heal wounds {unknown}

Dungeon Overview and Level Annotations

Branches:
Dungeon (2/15)

Altars:

Annotations:
D:2 Natasha


Message History

A rat comes into view.
Enter note:
Enter note: You shoot an arrow.
The arrow hits the rat.
You kill the rat!
You hear an angry hiss.
Natasha, Servant of Life and Death comes into view.
You shoot an arrow.
The arrow hits Natasha but does no damage.
Natasha casts a spell.
You shoot an arrow. The arrow hits Natasha.
Natasha is moderately wounded.
Natasha howls an incantation.
Natasha glows brightly for a moment.
You shoot an arrow. The arrow closely misses Natasha.
The arrow misses the cerulean imp.
Natasha claws you!
The cerulean imp hits you from afar with a +1 spear.
You shoot an arrow. The arrow barely misses Natasha.
The arrow hits the cerulean imp but does no damage.
Natasha barely misses you. The cerulean imp barely misses you.
You shoot an arrow. The arrow barely misses Natasha.
The arrow closely misses the cerulean imp.
Natasha claws you!
The cerulean imp hits you from afar with a +1 spear.
You shoot an arrow. The arrow barely misses Natasha.
The arrow hits the cerulean imp.
The cerulean imp is moderately wounded.
Natasha casts a spell.
The cerulean imp hits you from afar with a +1 spear.
You shoot an arrow. The arrow hits Natasha!
Natasha is almost dead.
Natasha closely misses you.
The cerulean imp hits you from afar with a +1 spear.
You shoot an arrow.
The arrow hits Natasha but does no damage.
Natasha is almost dead.
Natasha barely misses you.
The cerulean imp hits you from afar with a +1 spear.
You die...

##.7.## #.##.#
###.....### #.##.#
######....<....# #.##.#
#..#..)/.........##.##.#
#...7...###...7....##.#
###...### ##...##....#
##.### ##.# ###..#
#...##%# #.# #..#
###@h55# ..# #..#
####.#### #.###..# ##..
#%....# # #.## ##...##
#.##..###.####
#..%...#.## ###########
####.#..## #.........#
#.#..#
#.#######.########.#..#


You could see Natasha and 2 cerulean imps.

Vanquished Creatures
  2 bats
  3 endoplasms (D:1)
  5 giant cockroaches
  3 goblins
  2 hobgoblins
  6 ball pythons
  3 frilled lizards (D:1)
  5 kobolds
  4 rats
33 creatures vanquished.

Notes
Turn   | Place    | Note
-------+----------+-------------------------------------------
     0 | D:1      | qw the Deep Elf Hunter began the quest for the Orb.
     0 | D:1      | Reached XP level 1. HP: 12/12 MP: 3/3
     0 | D:1      | 0 ||| qw: Version: 0.3-a-22-g0ed2b0b
     0 | D:1      | 0 ||| qw: Game counter: 5099
     0 | D:1      | 0 ||| qw: Melee chars always use a shield: true
     0 | D:1      | 0 ||| qw: God list: Okawaru
     0 | D:1      | 0 ||| qw: Allow faded altars: false
     0 | D:1      | 0 ||| qw: Do Orc after clearing Dungeon:15 true
     0 | D:1      | 0 ||| qw: Do second Lair branch before Depths: true
     0 | D:1      | 0 ||| qw: Lair rune preference: random
     0 | D:1      | 0 ||| qw: Goals: Normal
     0 | D:1      | 0 ||| PLANNING D:1-11
   175 | D:1      | Reached XP level 2. HP: 13/16 MP: 4/4
   177 | D:1      | Reached skill level 6 in Ranged Weapons
   604 | D:1      | 604 ||| FLEEEEING.
   830 | D:1      | 830 ||| UPGRADING to amulet of guardian spirit.
   835 | D:1      | 835 ||| READING scroll labelled SUONEU VUL JOERAA.
   836 | D:1      | 836 ||| READING scroll labelled YMUVAG YGIXKICU.
   837 | D:1      | 837 ||| READING scroll labelled GAOVIC CAISEF.
   838 | D:1      | 838 ||| READING scroll labelled QAINEPPODUO.
   839 | D:1      | 839 ||| DRINKING 3 smoky sapphire potions.
   839 | D:1      | Gained mutation: You sometimes lose your temper in combat.
                  | [potion of mutation]
   839 | D:1      | Gained mutation: Your muscles are strong. (Str +4, Int/Dex
                  | -1) [potion of mutation]
   840 | D:1      | 840 ||| DRINKING 2 potions of mutation.
   840 | D:1      | Lost mutation: You sometimes lose your temper in combat.
                  | [potion of mutation]
   840 | D:1      | Lost mutation: Your muscles are strong. (Str +4, Int/Dex
                  | -1) [potion of mutation]
   840 | D:1      | Gained mutation: You possess an exceptional clarity of
                  | mind. [potion of mutation]
   841 | D:1      | 841 ||| DROPPING scroll of butterflies.
   897 | D:2      | Reached XP level 3. HP: 20/20 MP: 5/5
  1005 | D:2      | Noticed Natasha
  1012 | D:2      | HP: 2/20 [cerulean imp/+1 spear[Natasha] (4)]
  1013 | D:2      | Slain by a cerulean imp

Levels and vault maps discovered:
D:1:      elethiomel_arrival_infinity_welcomes_careful_drivers,
          layout_loops_ring, grunt_decor_one_mirror, st_stairs_3,
          kennysheep_small_spiral
D:2:      layout_loops_ring, chequers_serial_rivers_micro_a,
          grunt_ministairs_13, grunt_decor_clamped, uniq_natasha

Skill      XL: |  1  2 |
---------------+-------+-----
Ranged Weapons | 6 |  6.8
Fighting       | |  1.5
Dodging        | |  2.4
Stealth        | |  1.2

Action                     || total
---------------------------++-------
   Fire: Shortbow          ||    97
    Use: Scroll            ||     4
         Potion            ||     2
 Armour: Leather armour    ||     2
  Dodge: Dodged            ||    21

Table legend:
 A = Non-vault XP
 B = Vault XP
 C = Vault XP percentage of total XP
 D = Non-vault monster count
 E = Vault monster count
 F = Vault count percentage of total count
                 A         B        C        D         E       F
            +---------+---------+-------+---------+---------+-------
      Total |      46 |       6 |  11.5 |      29 |       4 |  12.1
            +---------+---------+-------+---------+---------+-------
        D:1 |      33 |       3 |   8.3 |      21 |       2 |   8.7
        D:2 |      13 |       3 |  18.8 |       8 |       2 |  20.0
            +---------+---------+-------+---------+---------+-------
